 Dungeon Crawl Stone Soup version 0.28-a0-751-gef3a642a4e (webtiles) character file.

Game seed: 4232358002296404980

9469 AttackTheMoon the Fighter (level 11, -3/97 HPs)
             Began as a Red Draconian Transmuter on Oct 30, 2021.
             Was an Elder of Okawaru.
             Killed by refrigeration
             ... invoked by Fannar
              (20 damage)
             ... on level 10 of the Dungeon.
             The game lasted 00:20:44 (10927 turns).

AttackTheMoon the Fighter (DrTm)                   Turns: 10927, Time: 00:20:45

Health: -3/97      AC:  7    Str: 18    XL:     11   Next: 23%
Magic:  22/22      EV: 17    Int: 16    God:    Okawaru [****..]
Gold:   1612       SH:  0    Dex: 13    Spells: 22/25 levels left

rFire   + . .      SeeInvis .     - Unarmed
rCold   . . .      Faith    .   (no shield)
rNeg    . . .      Spirit   .   (armour unavailable)
rPois   .          Reflect  .   (helmet currently unavailable)
rElec   .          Harm     .   d - scarf {repulsion}
rCorr   .          Rampage  .   (no gloves)
Will    .....                   (boots currently unavailable)
Stlth   +.........              o - amulet of regeneration
HPRegen 1.26/turn               b - +4 ring of evasion
MPRegen 0.18/turn               m - +6 ring of strength

@: mighty, short of breath, appendages (expiring), repel missiles
A: horns 2, talons 2, breathe fire, AC +7, unfitting armour, fire resistance 1,
cold-blooded
a: Breathe Fire, End Transformation, Renounce Religion, Heroism, Finesse


You were on level 10 of the Dungeon.
You worshipped Okawaru.
Okawaru was greatly pleased with you.
You had temporarily grown beastly horns and talons.
You visited 1 branch of the dungeon, and saw 10 of its levels.
You also visited: Ossuary.

You collected 1612 gold pieces.

Inventory:

Armour
 d - a scarf of repulsion (worn)
 g - a +2 hat (melded)
 y - a +0 cloak
 z - a +1 pair of gloves
Jewellery
 b - a +4 ring of evasion (left hand)
 e - a ring of protection from fire
 j - an amulet of magic regeneration
 l - a ring of positive energy
 m - a +6 ring of strength (right hand)
 o - an amulet of regeneration (around neck)
 s - a ring of flight
Wands
 E - a wand of iceblast (11) (quivered)
Scrolls
 a - 2 scrolls of fear
 c - a scroll of fog
 f - a scroll of silence
 h - 11 scrolls of teleportation
 q - 2 scrolls of amnesia
 A - a scroll of immolation
 D - a scroll of enchant weapon
 F - 3 scrolls of magic mapping
 G - a scroll of identify
Potions
 i - 3 potions of curing
 k - a potion of ambrosia
 n - 2 potions of attraction
 p - 3 potions of flight
 r - a potion of cancellation
 t - a potion of brilliance
 u - a potion of haste
 v - a potion of might
 w - 3 potions of lignification
 x - a potion of mutation
 B - a potion of resistance


   Skills:
 + Level 9.5 Fighting
 + Level 4.3 Dodging
 + Level 8.9 Unarmed Combat
 + Level 7.9 Spellcasting
 - Level 7.0 Transmutations
 + Level 3.3 Fire Magic
 + Level 5.6 Invocations


You had 22 spell levels left.
You knew the following spells:

 Your Spells              Type           Power      Damage    Failure   Level
a - Beastly Appendage     Tmut           56%        N/A       1%          1
b - Wereblood             Tmut           28%        N/A       1%          2

Your spell library contained the following spells:

 Spells                   Type           Power      Damage    Failure   Level
 Spider Form              Tmut/Pois      8%         N/A       8%          3
 Ignite Poison            Fire/Tmut/Pois 17%        N/A       9%          3
 Ice Form                 Ice/Tmut       17%        N/A       26%         4
 Mephitic Cloud           Conj/Pois/Air  6%         N/A       34%         3
 Portal Projectile        Hex/Tloc       12%        N/A       34%         3
 Leda's Liquefaction      Hex/Erth       3%         N/A       75%         4
 Freezing Cloud           Conj/Ice/Air   3%         6-21      97%         5
 Call Canine Familiar     Summ           Unusable   N/A       N/A         3

Dungeon Overview and Level Annotations

Branches:
Dungeon (10/15)            Temple (0/1) D:4             Orc (0/2) D:9
Ossuary (visited)
   Lair: D:8-11

Altars:
Ashenzari
Cheibriados
Dithmenos
Hepliaklqana
Okawaru
Sif Muna
Xom
Yredelemnul
The Shining One

Shops:
D:6 *[   D:9 (

Portals:
Abyss: D:3

Annotations:
D:3 2 transporters, BigDaddyOpFi's ghost, amateur GrBe
D:7 3 runed translucent doors, lawman0's ghost, novice GnAr
D:10 Fannar


Innate Abilities, Weirdness & Mutations

You have temporarily grown beastly horns and talons.
You can breathe blasts of fire.
Your fiery red scales are hard. (AC +7)
You cannot fit into any form of body armour.
Your flesh is heat resistant. (rF+)
You are cold-blooded and may be slowed by cold attacks.


Message History

The ice beast hits you but does no damage.
Fannar closely misses you.
You closely miss Fannar. Your headbutt misses Fannar.
Fannar is severely wounded.
Your transformation is almost over.
The ice beast closely misses you. Fannar hits you but does no damage.
You punch Fannar! Your headbutt misses Fannar.
Fannar is severely wounded.
The ice beast hits you. The ice beast freezes you!
You feel yourself slow down. Fannar gestures at you while chanting.
The bolt of cold hits you!!
* * * LOW HITPOINT WARNING * * *
You hit Fannar but do no damage. You claw Fannar, but do no damage.
You headbutt Fannar. You tail-slap Fannar, but do no damage.
Fannar is severely wounded.
The ice beast completely misses you.
Fannar casts a spell.
Fannar drains the heat from the surrounding environment!
* * * LOW HITPOINT WARNING * * *
You feel much better.
You feel yourself speed up. The ice beast closely misses you.
Fannar hits you with a +0 quarterstaff of freezing.
* * * LOW HITPOINT WARNING * * *
Fannar freezes you.
* * * LOW HITPOINT WARNING * * *
The ice beast hits you but does no damage.
Okay, then.
Okay, then.
Press: ? - help, v - describe, . - travel
Here: Fannar, wielding a +0 quarterstaff of freezing, wearing a +2 robe of cold resistance and wearing a ring of ice (severely wounded)
The floor.
You feel very mighty all of a sudden. Fannar closely misses you.
The ice beast barely misses you.
You barely miss Fannar. Your kick misses Fannar. Your headbutt misses Fannar.
Your tail-slap misses Fannar.
Fannar is severely wounded.
Fannar mumbles some strange words.
Fannar drains the heat from the surrounding environment!
You die...

........... #.........
#........# #.#
#........# #.#
#........# #.#
#........# #.#
#...e....# #.#
#....@...# #.#
#:...Y...# #.#######
...........####........
..............[.........
........................
##..#####..........[....
#.. #...............
#..# #...............
...####...............


You could see Fannar and an ice beast (summoned).

Vanquished Creatures
  2 two-headed ogres
  Pikel (D:4)
  A gargoyle (D:10)
  4 trolls
  13 yaks
  A steam dragon (D:5)
  Menkaure (D:5)
  Duvessa (D:6)
  3 orc warriors
  3 ice beasts
  A centaur (D:7)
  A lemure (D:4)
  Blork the orc (D:6)
  A kobold brigand (D:5)
  2 bullfrogs
  A gnoll sergeant (D:5)
  10 scorpions
  3 water moccasin zombies
  Dowan (D:6)
  A water moccasin skeleton (D:5)
  10 killer bees
  19 wights
  A howler monkey (D:9)
  An electric eel (D:6)
  A human zombie (Ossuary)
  6 centaur zombies
  Crazy Yiuf (D:3)
  A gnoll shaman (D:4)
  6 hounds
  A jelly (D:7)
  A centaur skeleton (D:7)
  7 orc priests
  A bullfrog skeleton (D:5)
  Jessica (D:2)
  An iguana (D:5)
  5 orc wizards
  2 scorpion zombies (Ossuary)
  2 killer bee zombies
  A hound skeleton (D:5)
  3 mummies (Ossuary)
  A howler monkey zombie (D:9)
  6 adders
  8 gnolls
  A howler monkey skeleton (D:7)
  2 ufetubi
  3 dart slugs
  22 orcs
  9 ball pythons
  4 bats
  3 endoplasms
  A giant cockroach (D:1)
  8 goblins
  9 hobgoblins
  2 quokkas
  5 frilled lizards
  A gnoll zombie (Ossuary)
  4 goblin zombies (Ossuary)
  16 kobolds
  A kobold zombie (Ossuary)
  An orc zombie (Ossuary)
  7 rats
237 creatures vanquished.

Vanquished Creatures (collateral kills)
  An ogre (D:6)
1 creature vanquished.

Vanquished Creatures (others)
  8 fungi (D:10)
  16 plants
24 creatures vanquished.

Grand Total: 262 creatures vanquished

Notes
Turn   | Place    | Note
-------+----------+-------------------------------------------
     0 | D:1      | AttackTheMoon the Draconian Transmuter began the quest for
                  | the Orb.
     0 | D:1      | Reached XP level 1. HP: 16/16 MP: 3/3
     5 | D:1      | You fall into a shaft and drop 1 floor!
   128 | D:1      | You fall into a shaft and drop 1 floor!
   168 | D:1      | Reached XP level 2. HP: 24/24 MP: 3/5
   193 | D:1      | Learned a level 2 spell: Wereblood
   204 | D:1      | Reached skill level 2 in Fighting
   319 | D:1      | Found a faded altar of an unknown god.
   778 | D:2      | Reached XP level 3. HP: 30/30 MP: 4/6
  1050 | D:2      | Noticed Jessica
  1066 | D:2      | Killed Jessica
  1067 | D:2      | Reached XP level 4. HP: 37/37 MP: 4/7
  1441 | D:2      | Reached skill level 3 in Fighting
  1756 | D:3      | HP: 1/38 [water moccasin zombie (3)]
  1764 | D:3      | Reached XP level 5. HP: 2/45 MP: 6/8
  2093 | D:3      | Found a transporter.
  2101 | D:3      | Found a one-way gate to the infinite horrors of the Abyss.
  2101 | D:3      | Noticed BigDaddyOpFi's ghost (amateur GrBe)
  2182 | D:3      | Found a transporter.
  2526 | D:3      | Found a runed translucent door.
  2528 | D:3      | Noticed Crazy Yiuf
  3025 | D:4      | Reached XP level 6. HP: 47/52 MP: 10/10
  3063 | D:4      | You fall into a shaft and drop 2 floors!
  3090 | D:6      | Found Wefei's Antique Armour Shop.
  3090 | D:6      | Found Wesoobuag's General Store.
  3207 | D:6      | Reached skill level 4 in Fighting
  3540 | D:6      | Your scales start taking on a fiery red colour.
  3540 | D:6      | Reached XP level 7. HP: 40/60 MP: 9/12
  3540 | D:6      | Gained mutation: Your flesh is heat resistant. (rF+) [Red
                  | Draconian growth]
  3716 | D:6      | Found a shadowy altar of Dithmenos.
  3834 | D:6      | Noticed a yak
  3834 | D:6      | Noticed a yak
  3834 | D:6      | Noticed a yak
  3891 | D:6      | Noticed Dowan
  3897 | D:6      | Noticed Duvessa
  3910 | D:6      | Killed Duvessa
  3919 | D:6      | Killed Dowan
  3920 | D:6      | Reached skill level 5 in Fighting
  4225 | D:5      | Entered Level 5 of the Dungeon
  4251 | D:5      | Reached skill level 5 in Unarmed Combat
  4251 | D:5      | Reached skill level 5 in Transmutations
  4283 | D:5      | You fall into a shaft and drop 2 floors!
  4286 | D:7      | Noticed a kobold demonologist
  4336 | D:7      | Reached XP level 8. HP: 44/69 MP: 11/14
  4417 | D:7      | Found a sand-covered staircase.
  4422 | Ossuary  | Entered an ossuary
  4550 | Ossuary  | Reached skill level 6 in Fighting
  4570 | Ossuary  | Reached skill level 5 in Spellcasting
  5035 | D:5      | Reached XP level 9. HP: 78/78 MP: 15/17
  5064 | D:5      | Noticed Menkaure
  5067 | D:5      | Killed Menkaure
  5402 | D:4      | Reached skill level 7 in Fighting
  5644 | D:4      | Noticed Pikel
  5665 | D:4      | Killed Pikel
  5716 | D:4      | Found a shimmering altar of Xom.
  5767 | D:4      | Found a basalt altar of Yredelemnul.
  5815 | D:4      | Found a broken altar of Ashenzari.
  5815 | D:4      | Found an iron altar of Okawaru.
  5821 | D:4      | Became a worshipper of Warmaster Okawaru
  5920 | D:4      | Found a shimmering blue altar of Sif Muna.
  5940 | D:4      | Found a hazy altar of Hepliaklqana.
  5951 | D:4      | Found a staircase to the Ecumenical Temple.
  6226 | D:3      | Killed Crazy Yiuf
  6325 | D:5      | Reached skill level 1 in Invocations
  6692 | D:5      | Found a glowing golden altar of the Shining One.
  6788 | D:5      | Found a snail-covered altar of Cheibriados.
  6960 | D:6      | Noticed Blork the orc
  6970 | D:6      | Killed Blork the orc
  7149 | D:6      | Reached * piety under Okawaru
  7156 | D:6      | Reached skill level 8 in Fighting
  7727 | D:7      | Found a runed translucent gate.
  7727 | D:7      | Found a runed translucent gate.
  7727 | D:7      | Found a runed translucent gate.
  7750 | D:7      | Reached XP level 10. HP: 46/81 MP: 18/20
  7798 | D:7      | Noticed lawman0's ghost (novice GnAr)
  8424 | D:8      | Reached ** piety under Okawaru
  9187 | D:9      | Found Tish's Weapon Emporium.
  9196 | D:9      | Found a staircase to the Orcish Mines.
  9473 | D:10     | Entered Level 10 of the Dungeon
  9630 | D:10     | Identified a scroll of acquirement
  9631 | D:10     | Acquired 1005 gold pieces
  9641 | D:10     | Noticed a two-headed ogre
  9699 | D:9      | Killed a two-headed ogre
  9699 | D:9      | Reached *** piety under Okawaru
  9700 | D:9      | Reached skill level 9 in Fighting
  9700 | D:9      | Reached skill level 1 in Fire Magic
  9741 | D:10     | Noticed a two-headed ogre
  9755 | D:9      | Reached skill level 5 in Invocations
  9986 | D:10     | Noticed a gargoyle
 10449 | D:10     | Killed a gargoyle
 10450 | D:10     | Reached XP level 11. HP: 93/97 MP: 20/22
 10735 | D:10     | Reached **** piety under Okawaru
 10791 | D:10     | Killed a two-headed ogre
 10915 | D:10     | Noticed Fannar
 10924 | D:10     | HP: 1/97 [Fannar/refrigeration (22)]
 10927 | D:10     | Killed from afar by Fannar

Illustrated notes

Levels and vault maps discovered:
D:1:      dpeg_arrival_tiny_c, layout_rooms, ebering_ecumenical_altar_hall,
          minmay_misc_feat_enclosed
D:2:      layout_rooms, serial_forest, infiniplex_forest_split,
          infiniplex_forest_straight_4, infiniplex_forest_clump_small,
          infiniplex_forest_zigzag_2, infiniplex_forest_lined_4_way,
          infiniplex_forest_corner_1, infiniplex_forest_zigzag_2,
          infiniplex_forest_end_2, uniq_jessica
D:3:      layout_basic, gammafunk_ghost_abyssal_escape, minmay_puff,
          uniq_crazy_yiuf_cottage
D:4:      layout_loops_cross, kennysheep_mini_moat,
          mainiacjoe_overflow_alcove_4, gammafunk_temple_overflow_forgotten,
          mainiacjoe_overflow_concentric_impassable, temple_doors_e, uniq_pikel
D:5:      layout_basic, mainiacjoe_overflow_swirl, uniq_menkaure
D:6:      layout_basic, nicolae_dithmenos_shadow_blocks,
          hellmonk_bongcloud_opening, nicolae_wooded_promenade,
          chequers_decorated_corner, water_maze_lemuel, uniq_duvessa,
          uniq_blork_the_orc
D:7:      layout_rooms, enter_ossuary_2, gammafunk_ghost_split
D:8:      layout_cave_pools, grunt_ministairs_8
D:9:      layout_roguey, orc_0_dummy, serial_shops, shop, st_stairs_8
D:10:     layout_small_grid, grunt_lair_entry_orc_guard_hut,
          minmay_fractal_squares_5, uniq_fannar

Skill      XL: |  1  2  3  4  5  6  7  8  9 10 11 |
---------------+----------------------------------+-----
Fighting       | 2 3 4 5 6 8 9 |  9.5
Transmutations | 3 4 5 6 7 |  7.0
Spellcasting   | 3 4 5 6 7 |  7.9
Unarmed Combat | 4 5 6 7 8 |  8.9
Invocations    | 3 5 |  5.6
Dodging        | 4 |  4.3
Fire Magic     | 2 3 |  3.3

Action                   |  1- 3 |  4- 6 |  7- 9 | 10-12 || total
-------------------------+-------+-------+-------+-------++-------
Melee: Unarmed           |    81 |   165 |   289 |   257 ||   792
       Kick              |    17 |    30 |    91 |    90 ||   228
       Headbutt          |     8 |    18 |    65 |    56 ||   147
       Tailslap          |     5 |    14 |    42 |    40 ||   101
       Punch             |       |     2 |     7 |     9 ||    18
 Cast: Beastly Appendage |    25 |    31 |    37 |    32 ||   125
       Wereblood         |     1 |     5 |    16 |    10 ||    32
Invok: Heroism           |       |       |       |     2 ||     2
 Abil: Breathe Fire      |       |       |     8 |    19 ||    27
Evoke: Wand              |       |       |       |     1 ||     1
  Use: Scroll            |       |     8 |    13 |     3 ||    24
       Potion            |       |     1 |     1 |     7 ||     9
 Stab: Invisible         |       |       |       |     1 ||     1
Armor: Skin              |    16 |    25 |    59 |    52 ||   152
Dodge: Dodged            |    51 |   117 |   235 |   248 ||   651
       Repelled          |       |     1 |       |     3 ||     4

Table legend: (Time is in decaauts)
 A = Elapsed time spent in this place.
 B = Non-inter-level travel time spent in this place.
 C = Inter-level travel time spent in this place.
 D = Time resting spent in this place.
 E = Time spent auto-exploring this place.
 F = Levels seen in this place.
 G = Mean time per level.
                   A        B        C        D        E       F      G
               +--------+--------+--------+--------+--------+-----+--------+
         Total |  10836 |   9955 |    881 |   1490 |   6236 |  11 |  985.1 |
       Dungeon |  10417 |   9536 |    881 |   1481 |   6027 |  10 | 1041.7 |
       Ossuary |    419 |    419 |      0 |      9 |    209 |   1 |  419.0 |
               +--------+--------+--------+--------+--------+-----+--------+

Top non-repeatable levels by time:
     D:6: 2012 daAuts
     D:9: 1396 daAuts
     D:3: 1318 daAuts
     D:2: 1163 daAuts
     D:5: 1124 daAuts
     D:4: 798 daAuts
     D:8: 738 daAuts
     D:1: 698 daAuts
    D:10: 614 daAuts
     D:7: 552 daAuts
 Ossuary: 419 daAuts
